[Event "*** SCC Grand Prix: Titled Tuesday Blitz"]
[Site "Chess.com"]
[Date "2020.07.07"]
[Round "1"]
[White "TamirNabaty"]
[Black "ferdipy"]
[Result "1-0"]
[WhiteElo "2713"]
[BlackElo "2376"]
[TimeControl "180+1"]
[EndTime "10:01:41 PDT"]
[Termination "TamirNabaty won by resignation"]

1. Nf3 Nf6 2. g3 e6 3. Bg2 b5 4.
O-O Bb7 5. b3 c5 6. c4 a6 7. Nc3 Qb6 8. Bb2 Be7 9. d4 cxd4 10.
Qxd4 Nc6 11. Qxb6 1-0

[Event "*** SCC Grand Prix: Titled Tuesday Blitz"]
[Site "Chess.com"]
[Date "2020.07.07"]
[Round "1"]
[White "SGchess01"]
[Black "shanemelaughcm"]
[Result "1-0"]
[WhiteElo "2612"]
[BlackElo "2282"]
[TimeControl "180+1"]
[EndTime "10:01:41 PDT"]
[Termination "SGchess01 won by resignation"]

1. e4 d6 2. d4 Nf6 3. Nc3 Nbd7 4. Nf3 e5 5. Bc4 Be7 6. O-O c6 7. a4 h6 8. Re1 Qc7 9. a5 Nf8 10. h3 g5 11. d5 b5 12. axb6 Qxb6 13. dxc6 Qxc6 14.
Bb5 1-0

[Event "*** SCC Grand Prix: Titled Tuesday Blitz"]
[Site "Chess.com"]
[Date "2020.07.07"]
[Round "1"]
[White "TokChess"]
[Black "giantslayer83"]
[Result "0-1"]
[WhiteElo "2393"]
[BlackElo "2730"]
[TimeControl "180+1"]
[EndTime "10:01:52 PDT"]
[Termination "giantslayer83 won by resignation"]

1. Nf3 d5 2. g3 g6 3. Bg2 Bg7 4. d4 c6 5. O-O Nf6 6. Nbd2 O-O 7. c4 Bf5 8. b3 Ne4 9. Bb2 Nd7 10. Nh4 Nxd2 11.
Qxd2 Be6 12. e4 dxe4 13. d5 Bxb2 14. Qxb2 cxd5 15. cxd5 Bxd5 16. Rfd1 e6 0-1

[Event "*** SCC Grand Prix: Titled Tuesday Blitz"]
[Site "Chess.com"]
[Date "2020.07.07"]
[Round "1"]
[White "fmshawnrl123"]
[Black "mortngabriel"]
[Result "1-0"]
[WhiteElo "2643"]
[BlackElo "2318"]
[TimeControl "180+1"]
[EndTime "10:02:32 PDT"]
[Termination "fmshawnrl123 won by resignation"]

1. c4 e5 2. g3 Nf6 3. Bg2 d5 4. cxd5 Nxd5 5. Nc3 Nb6 6. Nf3 Nc6 7. O-O Be7 8. a3 O-O 9. b4 f6 10. Bb2 Be6 11. d3 Re8 12. Rc1 Nd4 13. Nd2 c6 14. e3 Nf5 15. Qe2 Qd7 16. Rfd1 Rad8 17. Nde4 Bb3 18. Rd2 Bf8 19. h4 Nd5 20. Nxd5 Bxd5 21.
h5 h6 22. Qg4 Be6 23. Nxf6+ 1-0

[Event "*** SCC Grand Prix: Titled Tuesday Blitz"]
[Site "Chess.com"]
[Date "2020.07.07"]
[Round "1"]
[White "winniethepooh04"]
[Black "dey2580"]
[Result "0-1"]
[WhiteElo "2224"]
[BlackElo "2571"]
[TimeControl "180+1"]
[EndTime "10:02:39 PDT"]
[Termination "dey2580 won by resignation"]

1. d4 Nf6 2. Nf3 e6 3. Bf4 c5 4.
e3 Qb6 5. Qc1 d5 6. c3 Bd6 7.
Bg3 O-O 8. Bd3 Bxg3 9. hxg3 h6 10. Nbd2 Nc6 11. O-O Re8 12. dxc5 Qxc5 13. e4 e5 14. exd5 Qxd5 15. Bc4 Qc5 16. Bb3 e4 17. Re1 exf3 18. Rxe8+ Nxe8 19. Nxf3 Be6 0-1

[Event "*** SCC Grand Prix: Titled Tuesday Blitz"]
[Site "Chess.com"]
[Date "2020.07.07"]
[Round "1"]
[White "NiranjanNavalgund"]
[Black "LittlePeasant"]
[Result "0-1"]
[WhiteElo "2405"]
[BlackElo "2757"]
[TimeControl "180+1"]
[EndTime "10:02:40 PDT"]
[Termination "LittlePeasant won by resignation"]

1. d4 Nf6 2. c4 e6 3. g3 d5 4. Bg2 Bb4+ 5. Bd2 Be7 6. Nf3 O-O 7.
O-O c6 8. Bf4 Nbd7 9. Qc2 Ne4 10.
Nfd2 f5 11. f3 Nd6 12. c5 Nb5 13. Be3 e5 14. dxe5 Nxe5 15. Bf2 f4 16. Nc3 Bf5 17. Qb3 Nxc3 18. Qxc3 Bf6 19. Bd4 Qe7 20. gxf4 Ng6 21. e4 Nxf4 22. Rae1 Bxd4+ 23. Qxd4 Qg5 24. Rf2 Bh3 0-1

[Event "*** SCC Grand Prix: Titled Tuesday Blitz"]
[Site "Chess.com"]
[Date "2020.07.07"]
[Round "1"]
[White "VovenRogel"]
[Black "Tashik"]
[Result "1-0"]
[WhiteElo "2696"]
[BlackElo "2374"]
[TimeControl "180+1"]
[EndTime "10:02:53 PDT"]
[Termination "VovenRogel won by resignation"]

1. d4 Nf6 2. c4 c5 3. Nf3 cxd4 4. Nxd4 e6 5. Nc3 d5 6. cxd5 Nxd5 7. Ndb5 a6 8. Nxd5 exd5 9. Nd4 Nc6 10. e3 Qb6 11. Nb3 Bb4+ 12. Bd2 d4 13. exd4 Nxd4 14. Nxd4 Qxd4 15. Qa4+ 1-0

[Event "*** SCC Grand Prix: Titled Tuesday Blitz"]
[Site "Chess.com"]
[Date "2020.07.07"]
[Round "1"]
[White "cancrushyou"]
[Black "KaterynaLagno"]
[Result "0-1"]
[WhiteElo "2409"]
[BlackElo "2768"]
[TimeControl "180+1"]
[EndTime "10:02:54 PDT"]
[Termination "KaterynaLagno won by resignation"]

1. d4 Nf6 2. c4 g6 3. g3 Bg7 4. Bg2 O-O 5. Nc3 Nc6 6. Nf3 d5 7. cxd5 Nxd5 8. O-O Nb6 9. e3 Re8 10. Nh4 a5 11. f4 a4 12. Bd2 Nc4 13. Qc2 Nb4 14.
Qc1 Nd3 15. Qc2 Ndxb2 16. Rab1 a3 17. Bd5 c6 18. Bxf7+ Kxf7 19. f5 g5 20. f6 exf6 21. Qxh7 gxh4 22. Qh5+ Kg8 0-1

[Event "*** SCC Grand Prix: Titled Tuesday Blitz"]
[Site "Chess.com"]
[Date "2020.07.07"]
[Round "1"]
[White "Luibov_AN"]
[Black "FMJoseHerrera"]
[Result "0-1"]
[WhiteElo "2031"]
[BlackElo "2488"]
[TimeControl "180+1"]
[EndTime "10:02:54 PDT"]
[Termination "FMJoseHerrera won by resignation"]

1. d4 Nf6 2. Nf3 c5 3. dxc5 g6 4. c3 Bg7 5. Qc2 O-O 6. Bg5 a5 7. a4 Na6 8. Nbd2 Nxc5 9. e4 d6 10. Bc4 Nfxe4 11. Nxe4 Bf5 12. Nfd2 d5 13. O-O Nxe4 14.
Nxe4 dxc4 15. Rfe1 Qd5 16. Rad1 Bxe4 0-1

[Event "*** SCC Grand Prix: Titled Tuesday Blitz"]
[Site "Chess.com"]
[Date "2020.07.07"]
[Round "1"]
[White "ChessicallyInclined"]
[Black "Juanovic"]
[Result "1-0"]
[WhiteElo "2495"]
[BlackElo "2061"]
[TimeControl "180+1"]
[EndTime "10:02:58 PDT"]
[Termination "ChessicallyInclined won by resignation"]

1. d4 Nf6 2. c4 g6 3. Nc3 Bg7 4. e4 d6 5. f3 Nbd7 6. Be3 O-O 7. Nge2 e5 8. d5 a5 9. Qd2 b6 10. g4 Nc5 11. Ng3 a4 12. h4 Bd7 13. h5 Re8 14. Bh6 Bh8 15. Nf5 Bxf5 16. gxf5 Nxh5 17. Rxh5 1-0

[Event "*** SCC Grand Prix: Titled Tuesday Blitz"]
[Site "Chess.com"]
[Date "2020.07.07"]
[Round "1"]
[White "Maksimus1998"]
[Black "Izoria123"]
[Result "0-1"]
[WhiteElo "2445"]
[BlackElo "2903"]
[TimeControl "180+1"]
[EndTime "10:03:00 PDT"]
[Termination "Izoria123 won by resignation"]

1. d4 d6 2. e4 g6 3. Nf3 Bg7 4.
c3 Nf6 5. Bd3 O-O 6. O-O Nc6 7. d5 Nb8 8. c4 Bg4 9. Nc3 Nbd7 10.
Be2 c6 11. h3 Bxf3 12. Bxf3 Qa5 13. Re1 Rfc8 14. Bd2 Ne5 15. Be2 cxd5 16. cxd5 Qd8 17. Qa4 Nfd7 18. Rac1 Nb6 19. Qd1 Nbc4 20. b3 Nxd2 21.
Qxd2 Qa5 22. Nb1 Qxd2 23. Nxd2 Bh6 24. Rxc8+ Rxc8 25. Nc4 Nd7 26. a4 Nc5 27. Bg4 Rc7 28. e5 dxe5 29. Rxe5 Nxb3 0-1

[Event "*** SCC Grand Prix: Titled Tuesday Blitz"]
[Site "Chess.com"]
[Date "2020.07.07"]
[Round "1"]
[White "m_ezat"]
[Black "Matols"]
[Result "1-0"]
[WhiteElo "2536"]
[BlackElo "2175"]
[TimeControl "180+1"]
[EndTime "10:03:04 PDT"]
[Termination "m_ezat won by resignation"]

1. d4 Nf6 2. c4 e6 3. Nc3 Bb4 4. e3 O-O 5. a3 Bxc3+ 6. bxc3 c5 7. Bd3 Nc6 8. Ne2 d6 9. O-O b6 10. f3 Bb7 11. e4 e5 12. Bg5 h6 13. Bh4 Re8 14. f4 cxd4 15. fxe5 dxe5 16. Bxf6 gxf6 17. Ng3 dxc3 18. Nf5 Nd4 19. Qg4+ 1-0

[Event "*** SCC Grand Prix: Titled Tuesday Blitz"]
[Site "Chess.com"]
[Date "2020.07.07"]
[Round "1"]
[White "grandemestregringo"]
[Black "ailime26"]
[Result "1-0"]
[WhiteElo "2475"]
[BlackElo "1878"]
[TimeControl "180+1"]
[EndTime "10:03:07 PDT"]
[Termination "grandemestregringo won by resignation"]

1. e4 c5 2. d4 cxd4 3. c3 dxc3 4. Nxc3 Nc6 5. Nf3 g6 6. Bc4 Bg7 7. Qb3 e6 8. Nb5 d6 9. Bf4 Bf8 10. Rd1 d5 11. exd5 exd5 12. Bxd5 Qe7+ 13. Kf1 1-0

[Event "*** SCC Grand Prix: Titled Tuesday Blitz"]
[Site "Chess.com"]
[Date "2020.07.07"]
[Round "1"]
[White "nikitakhoroshev"]
[Black "FearNoEvil12"]
[Result "1-0"]
[WhiteElo "2492"]
[BlackElo "2040"]
[TimeControl "180+1"]
[EndTime "10:03:10 PDT"]
[Termination "nikitakhoroshev won by resignation"]

1. d4 b5 2. e4 a6 3. f3 Bb7 4.
a4 b4 5. c4 bxc3 6. Nxc3 e6 7.
Be3 Nf6 8. Nge2 d6 9. Ng3 Nbd7 10. Bd3 h5 11. h4 Be7 12. Qd2 Nh7 13. Nxh5 Bxh4+ 14. g3 Bf6 15. Nxf6+ Ndxf6 16. O-O-O Kd7 17. e5 Nd5 18.
Rxh7 Rxh7 19. Bxh7 g6 20. Bg5 Qh8 21. Rh1 dxe5 22.
Ne4 exd4 23. Rh2 Qf8 24. Qxd4 Bc6 25. Nc5+ Kc8 26. Bxg6 1-0

[Event "*** SCC Grand Prix: Titled Tuesday Blitz"]
[Site "Chess.com"]
[Date "2020.07.07"]
[Round "1"]
[White "PaulfromSPb"]
[Black "volkanyirik"]
[Result "1-0"]
[WhiteElo "2586"]
[BlackElo "2248"]
[TimeControl "180+1"]
[EndTime "10:03:18 PDT"]
[Termination "PaulfromSPb won by resignation"]

1. e4 g6 2. d4 Bg7 3. Nc3 c5 4. dxc5 Nc6 5. Be3 Nf6 6. Be2 Qa5 7. Qd2 O-O 8. a3 Rd8 9. Rd1 d6 10. cxd6 Rxd6 11. Bd3 Ng4 12. Nge2 Nxe3 13. Qxe3 Ne5 14. O-O Be6 15. f4 Nc4 16. Bxc4 Rxd1 17. Rxd1 Bxc4 18.
e5 f6 19. exf6 Bxf6 20. h3 Bxe2 21. Nxe2 Rc8 22. c3 Qb5 23. Rd2 a6 24. Qe6+ 1-0

[Event "*** SCC Grand Prix: Titled Tuesday Blitz"]
[Site "Chess.com"]
[Date "2020.07.07"]
[Round "1"]
[White "Malysch"]
[Black "szefru"]
[Result "1-0"]
[WhiteElo "2520"]
[BlackElo "2129"]
[TimeControl "180+1"]
[EndTime "10:03:19 PDT"]
[Termination "Malysch won by resignation"]

1. d4 d5 2. c4 c6 3. Nf3 Nf6 4. Qc2 e6 5. g3 Nbd7 6. Bg2 Be7 7. O-O O-O 8. Nbd2 Ne8 9. e3 f5 10. Ne1 Nef6 11. Nd3 a6 12. Nf3 Bd6 13. b3 h6 14.
a4 Qe7 15. Nfe5 Bxe5 16. dxe5 Ne8 17. Ba3 c5 18. cxd5 b6 19. d6 Nxd6 20. exd6 Qxd6 21. Bxa8 g5 22. Bb2 h5 23. Rfd1 Qe7 24. Qc3 Kf7 25.
Qg7+ Ke8 26. Bc6 Rf7 27. Qh8+ Rf8 28. Qxh5+ Kd8 29. Ne5 1-0

[Event "*** SCC Grand Prix: Titled Tuesday Blitz"]
[Site "Chess.com"]
[Date "2020.07.07"]
[Round "1"]
[White "cukin84"]
[Black "TigranMukhutdinov"]
[Result "0-1"]
[WhiteElo "2170"]
[BlackElo "2532"]
[TimeControl "180+1"]
[EndTime "10:03:23 PDT"]
[Termination "TigranMukhutdinov won by resignation"]

1. e4 c5 2. Nc3 Nc6 3. Bb5 Nd4 4. Bc4 e6 5. Nf3 Nf6 6. d3 Be7 7. Nxd4 cxd4 8. Ne2 d5 9. Bb5+ Bd7 10. Bxd7+ Qxd7 11. Ng3 dxe4 12. Nxe4 Nxe4 13. dxe4 O-O 14. O-O Rfd8 15. Bf4 Rac8 16. Qd3 Qc6 17. Rac1 f6 18. Bg3 e5 19. f4 Bd6 20. fxe5 Bxe5 21. Bxe5 fxe5 22. Rf5 Qb6 23. Rxe5 Qxb2 24. Qb3+ Qxb3 25. axb3 d3 26. c4 d2 27. Rd1 Rd3 28. Rc5 Rxc5 0-1

[Event "*** SCC Grand Prix: Titled Tuesday Blitz"]
[Site "Chess.com"]
[Date "2020.07.07"]
[Round "1"]
[White "arminmusovic"]
[Black "isla88"]
[Result "1-0"]
[WhiteElo "2583"]
[BlackElo "2247"]
[TimeControl "180+1"]
[EndTime "10:03:25 PDT"]
[Termination "arminmusovic won by resignation"]

1. a3 g6 2. Nc3 Bg7 3. e4 d6 4. d4 e5 5. dxe5 dxe5 6. Qxd8+ Kxd8 7. Bg5+ f6 8. O-O-O+ Nd7 9. Bh4 c6 10. Nge2 Kc7 11.
Bg3 Ne7 12. f4 b5 13. fxe5 Nxe5 14. Nd4 Kb7 15. Nb3 Bg4 16. Be2 Bxe2 17. Nxe2 Rad8 18.
Ned4 Rd6 19. Ne6 Rxe6 20. Nc5+ Kb6 21. Nxe6 Bh6+ 22. Kb1 Nc4 23. Bf2+ Ka5 24. Rd7 1-0

[Event "*** SCC Grand Prix: Titled Tuesday Blitz"]
[Site "Chess.com"]
[Date "2020.07.07"]
[Round "1"]
[White "Sankalp_Gupta2003"]
[Black "ljuks68"]
[Result "1-0"]
[WhiteElo "2826"]
[BlackElo "2427"]
[TimeControl "180+1"]
[EndTime "10:03:27 PDT"]
[Termination "Sankalp_Gupta2003 won by resignation"]

1. e4 e6 2. d4 d5 3. Nd2 Nf6 4. e5 Nfd7 5. Bd3 c5 6. c3 Nc6 7. Ne2 cxd4 8. cxd4 f6 9. exf6 Qxf6 10. O-O Nxd4 11. Nxd4 Qxd4 12. Nf3 Qf6 13. Bg5 Qf7 14. Re1 Bd6 15. Qc2 g6 16. Bh6 Nc5 17. Bb5+ Bd7 18.
Qc3 O-O-O 19. Bxd7+ Kxd7 20. Rad1 Ne4 21. Rxe4 1-0

[Event "*** SCC Grand Prix: Titled Tuesday Blitz"]
[Site "Chess.com"]
[Date "2020.07.07"]
[Round "1"]
[White "MrChampion_Coach"]
[Black "Dedic8"]
[Result "0-1"]
[WhiteElo "2412"]
[BlackElo "2791"]
[TimeControl "180+1"]
[EndTime "10:03:30 PDT"]
[Termination "Dedic8 won by resignation"]

1. e4 e5 2. Nf3 Nc6 3. d4 exd4 4. Nxd4 Nf6 5. Nxc6 bxc6 6. e5 Qe7 7. Qe2 Nd5 8. h4 f6 9. c4 Ba6 10. Qe4 Nb4 11.
Nc3 Qxe5 12. Qxe5+ fxe5 13. Kd1 c5 14. a3 Nc6 15. Nd5 Bd6 16. Be3 O-O 17. Kc2 Nd4+ 18. Bxd4 cxd4 19. Re1 Rxf2+ 20. Re2 Rxf1 21. Rxf1 Bxc4 22.
Ref2 Bxd5 0-1

[Event "*** SCC Grand Prix: Titled Tuesday Blitz"]
[Site "Chess.com"]
[Date "2020.07.07"]
[Round "1"]
[White "mikheeva86"]
[Black "LedakovAlexandr"]
[Result "0-1"]
[WhiteElo "1913"]
[BlackElo "2476"]
[TimeControl "180+1"]
[EndTime "10:03:41 PDT"]
[Termination "LedakovAlexandr won by resignation"]

1. e4 Nc6 2. d4 e5 3. d5 Nce7 4. d6 cxd6 5. Qxd6 Nc6 6. Qd1 Nf6 7. Bg5 Qb6 8. Bxf6 Qxb2 9. Bxe5 Nxe5 10. Nd2 Bb4 11.
Bd3 Nxd3+ 12. cxd3 Bxd2+ 13. Kf1 Bh6 14. Rb1 Qa3 15. Qb3 Qxb3 16. Rxb3 b6 17. Ne2 Ke7 18. Nf4 Bxf4 19. d4 0-1

[Event "*** SCC Grand Prix: Titled Tuesday Blitz"]
[Site "Chess.com"]
[Date "2020.07.07"]
[Round "1"]
[White "NikolaGry"]
[Black "hectorfiori"]
[Result "1-0"]
[WhiteElo "2629"]
[BlackElo "2306"]
[TimeControl "180+1"]
[EndTime "10:03:44 PDT"]
[Termination "NikolaGry won by resignation"]

1. b3 d6 2. Bb2 e5 3. e3 f5 4. c4 Nf6 5. Nf3 g6 6. d4 e4 7. Nfd2 Bg7 8. d5 O-O 9. Be2 c5 10. dxc6 bxc6 11. O-O Be6 12. Nc3 Nbd7 13. h3 Qe7 14.
Qc2 Rac8 15. Rae1 d5 16. f4 exf3 17. Nxf3 Nc5 18. Ba3 Nfd7 19. Na4 dxc4 20. Bxc4 1-0

[Event "*** SCC Grand Prix: Titled Tuesday Blitz"]
[Site "Chess.com"]
[Date "2020.07.07"]
[Round "1"]
[White "BakaPG"]
[Black "ZverevLev"]
[Result "1-0"]
[WhiteElo "2664"]
[BlackElo "2345"]
[TimeControl "180+1"]
[EndTime "10:03:47 PDT"]
[Termination "BakaPG won by resignation"]

1. e4 e5 2. Nf3 Nc6 3. Bb5 a6 4. Ba4 Nf6 5. O-O Be7 6. Re1 b5 7. Bb3 d6 8. a4 Bd7 9. c3 O-O 10. d3 Na5 11. Bc2 c5 12. Nbd2 Nc6 13. Nf1 h6 14. Ng3 Qc7 15. Nh4 d5 16. Nhf5 Rfe8 17. Qf3 dxe4 18. dxe4 bxa4 19. Bxa4 Nh7 20. Bb3 Be6 21. Bd5 Rad8 22. Rxa6 Ng5 23. Bxg5 Bxg5 24. Rxc6 1-0

[Event "*** SCC Grand Prix: Titled Tuesday Blitz"]
[Site "Chess.com"]
[Date "2020.07.07"]
[Round "1"]
[White "GuuBol"]
[Black "AliKa2810"]
[Result "0-1"]
[WhiteElo "2248"]
[BlackElo "2583"]
[TimeControl "180+1"]
[EndTime "10:03:48 PDT"]
[Termination "AliKa2810 won by resignation"]

1. e4 e6 2. d4 d5 3. exd5 exd5 4. c4 Nf6 5. Nc3 Bd6 6. Nf3 O-O 7. Bd3 Re8+ 8. Be3 dxc4 9. Bxc4 Bg4 10. Qb3 Qe7 11. Qxb7 Nbd7 12. O-O Rab8 13. Qc6 Rb6 14. Qa4 Bxf3 15.
gxf3 Rb4 16. Qa6 Nb8 17. Bxf7+ Qxf7 18. Qxa7 Qg6+ 19. Kh1 Qh5 20. f4 Ng4 0-1

[Event "*** SCC Grand Prix: Titled Tuesday Blitz"]
[Site "Chess.com"]
[Date "2020.07.07"]
[Round "1"]
[White "Jbd735"]
[Black "rasmussvane"]
[Result "0-1"]
[WhiteElo "2438"]
[BlackElo "2878"]
[TimeControl "180+1"]
[EndTime "10:03:51 PDT"]
[Termination "rasmussvane won by resignation"]

1. e4 c6 2. d4 d5 3. Nc3 dxe4 4. Nxe4 Nf6 5. Nxf6+ exf6 6. c3 Bd6 7. Bd3 O-O 8.
Qc2 Re8+ 9. Ne2 h5 10. Be3 Nd7 11. O-O-O Nf8 12. Kb1 Be6 13. Nf4 Bxf4 14. Bxf4 b5 15.
Rhe1 a5 16. Be4 Qd7 17. f3 a4 18. Rd2 f5 19. Bd3 Bxa2+ 20. Kxa2 Rxe1 21. Bxf5 Qd5+ 22. c4 bxc4 23. Be4 Qb5 0-1

[Event "*** SCC Grand Prix: Titled Tuesday Blitz"]
[Site "Chess.com"]
[Date "2020.07.07"]
[Round "1"]
[White "Gordima"]
[Black "Andrii_Prydun"]
[Result "1-0"]
[WhiteElo "2742"]
[BlackElo "2398"]
[TimeControl "180+1"]
[EndTime "10:03:51 PDT"]
[Termination "Gordima won by resignation"]

1. d4 d5 2. c4 c6 3. Nf3 Nf6 4. e3 e6 5. Nbd2 Nbd7 6. Bd3 Bd6 7. O-O O-O 8. e4 e5 9. cxd5 cxd5 10. Re1 dxe4 11.
Nxe4 Nxe4 12. Rxe4 Nf6 13. Bg5 exd4 14. Rxd4 Bxh2+ 15. Kxh2 Qc7+ 16. Kg1 1-0

[Event "*** SCC Grand Prix: Titled Tuesday Blitz"]
[Site "Chess.com"]
[Date "2020.07.07"]
[Round "1"]
[White "mamey78"]
[Black "sergiochess83"]
[Result "1/2-1/2"]
[WhiteElo "2440"]
[BlackElo "2838"]
[TimeControl "180+1"]
[EndTime "10:03:52 PDT"]
[Termination "Game drawn by repetition"]

1. e4 c5 2. Nf3 d6 3. d4 cxd4 4. Nxd4 Nf6 5. Nc3 a6 6. Bg5 Nbd7 7. Qe2 h6 8. Bh4 g6 9. f4 Qc7 10. O-O-O Bg7 11. Bxf6 Nxf6 12. e5 dxe5 13. fxe5 Ng4 14. e6 Qf4+ 15. Kb1 Bxd4 16. Nd5 Qe5 17. Rxd4 Qxd4 18. exf7+ Kxf7 19. Qxe7+ Kg8 20. Bc4 Qxc4 21. Qe8+ Kg7 22. Qe7+ Kg8 23. Qe8+ Kg7 24. Qe7+ Kg8 1/2-1/2

[Event "*** SCC Grand Prix: Titled Tuesday Blitz"]
[Site "Chess.com"]
[Date "2020.07.07"]
[Round "1"]
[White "H3nriqueTV"]
[Black "IwkooO"]
[Result "0-1"]
[WhiteElo "2237"]
[BlackElo "2575"]
[TimeControl "180+1"]
[EndTime "10:03:53 PDT"]
[Termination "IwkooO won by resignation"]

1. e4 c5 2. Nf3 e6 3. b3 Nf6 4. e5 Nd5 5. Bb2 Nc6 6. c4 Nde7 7. Nc3 Ng6 8. Ne4 Qc7 9. d4 cxd4 10. Nxd4 Bb4+ 11.
Nc3 Qxe5+ 12. Ne2 Nf4 13. Qd2 Nxe2 14. Bxe2 Nd4 15. O-O Bxc3 16. Bd3 Bxd2 17. Rfe1 Bxe1 0-1

[Event "*** SCC Grand Prix: Titled Tuesday Blitz"]
[Site "Chess.com"]
[Date "2020.07.07"]
[Round "1"]
[White "Ariadna_Atreides"]
[Black "PIwan"]
[Result "0-1"]
[WhiteElo "2074"]
[BlackElo "2502"]
[TimeControl "180+1"]
[EndTime "10:03:53 PDT"]
[Termination "PIwan won by resignation"]

1. d4 d5 2. Nf3 Nf6 3. e3 Bg4 4. Be2 Nbd7 5. O-O e6 6. h3 Bh5 7. b3 Bd6 8. Bb2 O-O 9. Ne5 Bxe2 10. Qxe2 c5 11. Nd2 Rc8 12. dxc5 Bxe5 13. Bxe5 Nxe5 14. b4 b6 15. cxb6 Qxb6 16. Nb3 Qxb4 17. Rac1 Qc4 18. Qd2 Nc6 19. Rfd1 Ne4 20. Qe1 Nc3 21. Rd2 Nxa2 22. Ra1 Nc3 23. Rd3 Ne4 24. f3 Qxc2 25. Rad1 Ne5 26. Rd4 Nc3 27. Na1 Qg6 28. R1d2 Nxf3+ 0-1

[Event "*** SCC Grand Prix: Titled Tuesday Blitz"]
[Site "Chess.com"]
[Date "2020.07.07"]
[Round "1"]
[White "GrafLermontov"]
[Black "QueenOfTactics90"]
[Result "1-0"]
[WhiteElo "2486"]
[BlackElo "2019"]
[TimeControl "180+1"]
[EndTime "10:03:57 PDT"]
[Termination "GrafLermontov won by resignation"]

1. d4 Nf6 2. c4 e6 3. Nf3 d5 4. Nc3 c5 5. cxd5 exd5 6. g3 Nc6 7. Bg2 Be7 8. O-O O-O 9. Bg5 cxd4 10. Nxd4 Nxd4 11.
Qxd4 Be6 12. Rfd1 Rc8 13. Rac1 Rc4 14. Qd2 Ne4 15. Nxe4 dxe4 16. Qxd8 Rxc1 17. Qxf8+ 1-0

[Event "*** SCC Grand Prix: Titled Tuesday Blitz"]
[Site "Chess.com"]
[Date "2020.07.07"]
[Round "1"]
[White "turayev_shahruh17"]
[Black "PattyCastillo"]
[Result "1-0"]
[WhiteElo "2481"]
[BlackElo "1950"]
[TimeControl "180+1"]
[EndTime "10:03:57 PDT"]
[Termination "turayev_shahruh17 won by resignation"]

1. e4 c5 2. Nc3 Nc6 3. Bb5 Nd4 4. Bc4 e6 5. Nge2 Nf6 6. O-O d6 7. d3 Be7 8. f4 O-O 9. Ng3 Rb8 10. a4 a6 11. Kh1 b5 12. axb5 axb5 13. Ba2 b4 14.
Nce2 b3 15. Nxd4 bxa2 16. Nc6 Qc7 17. Nxb8 Qxb8 18. Rxa2 Bb7 19. f5 d5 20. e5 Nd7 21.
f6 gxf6 22. exf6 Bxf6 23. Bh6 Bg7 24. Qg4 Qe5 25. Nh5 f5 26. Qxg7+ Qxg7 27. Bxg7 Rf7 28. Ra7 1-0

[Event "*** SCC Grand Prix: Titled Tuesday Blitz"]
[Site "Chess.com"]
[Date "2020.07.07"]
[Round "1"]
[White "ItsCheckM8Mate"]
[Black "djogrodek1"]
[Result "1-0"]
[WhiteElo "2259"]
[BlackElo "2553"]
[TimeControl "180+1"]
[EndTime "10:03:58 PDT"]
[Termination "ItsCheckM8Mate won on time"]

1. e4 c5 2. Nf3 e6 3. d4 cxd4 4. Nxd4 Nf6 5. Nc3 Nc6 6. Ndb5 Bb4 7. a3 Bxc3+ 8. Nxc3 d5 9. exd5 exd5 10. Bd3 O-O 11. O-O d4 12. Ne2 Bg4 13. f3 1-0

[Event "*** SCC Grand Prix: Titled Tuesday Blitz"]
[Site "Chess.com"]
[Date "2020.07.07"]
[Round "1"]
[White "Nikithebest"]
[Black "Joseacorrea"]
[Result "1-0"]
[WhiteElo "2476"]
[BlackElo "1904"]
[TimeControl "180+1"]
[EndTime "10:03:59 PDT"]
[Termination "Nikithebest won by resignation"]

1. e4 c5 2. Nf3 Nc6 3. Bb5 Nd4 4.
Nxd4 cxd4 5. O-O g6 6. c3 dxc3 7. Nxc3 Bg7 8. d4 a6 9. Bc4 Nf6 10. e5 Ng8 11. Qf3 e6 12. Ne4 d5 13. Nd6+ Kd7 14.
Nxf7 Qf8 15. Be2 Ne7 16. Nxh8 Qxf3 17. Bxf3 Bxh8 18. Be3 b6 19. Rfc1 Bb7 20. Rc2 Rc8 21. Rxc8 Bxc8 22. g4 Bg7 23. Rc1 Bb7 24. h4 b5 25. Be2 Nc8 26. b3 Bf8 27. f4 Be7 28. Kg2 Bxh4 29. Rh1 Be7 30. Rxh7 1-0

[Event "*** SCC Grand Prix: Titled Tuesday Blitz"]
[Site "Chess.com"]
[Date "2020.07.07"]
[Round "1"]
[White "lukas_111111"]
[Black "pavelalexandru07"]
[Result "1-0"]
[WhiteElo "2533"]
[BlackElo "2169"]
[TimeControl "180+1"]
[EndTime "10:04:04 PDT"]
[Termination "lukas_111111 won by resignation"]

1. e4 c5 2. Nf3 d6 3. d4 cxd4 4.
Nxd4 Nf6 5. Nc3 a6 6. Bg5 Nbd7 7. Bc4 Qb6 8. Bb3 e6 9. Bxf6 Nxf6 10.
Qd2 Be7 11. O-O-O Qc7 12. f4 b5 13. f5 e5 14. Nde2 Bb7 15. Kb1 Rc8 16. Ng3 O-O 17. Nd5 Bxd5 18. Bxd5 Nxd5 19. exd5 Qc4 20. Rhe1 g6 21. Re4 Qc5 22. Rg4 Bd8 23. f6 Qc7 24.
Ne4 Qd7 25. Qh6 1-0

[Event "*** SCC Grand Prix: Titled Tuesday Blitz"]
[Site "Chess.com"]
[Date "2020.07.07"]
[Round "1"]
[White "gliglu"]
[Black "Kezin_Roman"]
[Result "0-1"]
[WhiteElo "2401"]
[BlackElo "2753"]
[TimeControl "180+1"]
[EndTime "10:04:07 PDT"]
[Termination "Kezin_Roman won by checkmate"]

1. d4 d5 2. c4 e6 3. Nf3 Nf6 4. g3 Be7 5. Bg2 O-O 6. O-O dxc4 7. Ne5 c5 8. dxc5 Qc7 9. Nxc4 Rd8 10. Qc2 Nc6 11.
Nc3 Nd4 12. Qb1 Qxc5 13. b3 Qh5 14. Qb2 Bb4 15. Kh1 e5 16. Bd2 Bh3 17. a3 Ng4 18.
Bf3 Bg2+ 19. Kxg2 Qxh2# 0-1

[Event "*** SCC Grand Prix: Titled Tuesday Blitz"]
[Site "Chess.com"]
[Date "2020.07.07"]
[Round "1"]
[White "GjakanTati"]
[Black "czasnaszachy"]
[Result "1-0"]
[WhiteElo "2578"]
[BlackElo "2241"]
[TimeControl "180+1"]
[EndTime "10:04:09 PDT"]
[Termination "GjakanTati won by resignation"]

1. d4 d5 2. c4 c6 3. Nf3 Nf6 4. cxd5 cxd5 5. Bf4 Nc6 6. Nc3 a6 7. e3 e6 8. Bd3 Bd6 9. Bxd6 Qxd6 10. O-O O-O 11.
Rc1 b5 12. h3 Na5 13. Qe2 Bb7 14. Rc2 Rfc8 15. Rfc1 Nc4 16. Nd2 Rc7 17. Nb3 Rac8 18. Nc5 Nd7 19. Nxb7 Rxb7 20. b3 Na3 21. Nxb5 Rxc2 22. Nxd6 Rxc1+ 23. Kh2 Rb6 24. Qb2 Rc7 25. Qxa3 1-0